 Dungeon Crawl Stone Soup version 0.17.0-18-gaab0e96 (webtiles) character file.

1051 4thArraOfDagon the Grappler (level 8, 6/71 HPs)
             Began as a Minotaur Monk on Nov 11, 2015.
             Quit the game on level 7 of the Dungeon.
             The game lasted 00:05:18 (745 turns).

4thArraOfDagon the Grappler (Minotaur Monk)          Turns: 745, Time: 00:05:18

Health: 6/71       AC:  9    Str: 17    XL:     8   Next: 5%
Magic:  7/7        EV: 13    Int: 16    God:
Gold:   65         SH:  0    Dex: 12    Spells: 1 memorised, 6 levels left

rFire  . . .     SeeInvis .       - Unarmed
rCold  . . .     Clarity  .     e - +4 ring mail "Ovofixzu" {*Corrode rN++ Int+7}
rNeg   + + .     SustAt   .     (no shield)
rPois  .         Gourm    .     (helmet restricted)
rElec  .         Spirit   .     (no cloak)
rCorr  .         Warding  .     (no gloves)
rMut   .         Stasis   .     (no boots)
MR     .....                    (no amulet)
Stlth  +.........               (no ring)
                                (no ring)

@: not resistant to hostile enchantments, very unstealthy
A: retaliatory headbutt, horns 2
a: no special abilities


You were on level 7 of the Dungeon.
You were not hungry.

You visited 1 branch of the dungeon, and saw 7 of its levels.

You collected 65 gold pieces.

Inventory:

Armour
 e - the +4 ring mail "Ovofixzu" (worn) {*Corrode rN++ Int+7}
   (You found it on level 6 of the Dungeon)

   It affects your intelligence (+7).
   It greatly protects you from negative energy.
   It may corrode your equipment when you take damage.
 i - a +2 robe of cold resistance
Scrolls
 c - a scroll of identify
 g - 2 scrolls of remove curse
 j - a scroll of blinking {unknown}
Comestibles
 b - a bread ration
 d - 3 fruits
 f - a meat ration
 h - a slice of pizza
 k - a beef jerky


   Skills:
 + Level 6.8 Fighting
 + Level 6.1 Dodging
 - Level 1.5 Stealth
 * Level 8.4 Unarmed Combat


You had 6 spell levels left.
You knew the following spells:

 Your Spells              Type           Power        Failure   Level  Hunger
a - Apportation           Tloc           #.........   47%         1    ##.....


Dungeon Overview and Level Annotations

Branches:
Dungeon (7/15)
 Temple: D:4-7

Altars:
Ru
Sif Muna

Shops:
D:7 !

Annotations:
D:4 exclusion: upstairs
D:7 4thArraOfDagon's ghost, amateur MiMo


Innate Abilities, Weirdness & Mutations

You reflexively headbutt those who attack you in melee.
You have a pair of horns on your head.


Message History

Unknown command.
Unknown command.
Unknown command.
Unknown command.
Unknown command.
Found a morningstar.
Unknown command.
Unknown command.
Unknown command.
Found a stone staircase leading down.
Unknown command.
Unknown command.
A giant frog comes into view.
The orc shouts!
The giant frog croaks.
A worker ant comes into view.
The worker ant twitches its antennae in your direction.
The giant frog barely misses you. You furiously retaliate!
You headbutt the giant frog.
Unknown command.
Are you sure you want to abandon this character and quit the game? (Confirm with "yes".)

######## #### #......#
.....
###..F@W.########......
...a>...Joo.oo.$........
........................
.......O..#.###.##......
..............#.# ......
.......##...o.#o# ......
....... ##..o.#o##......
....... #.?..#o..# ..#
....... ......o..# #


You could see an ogre, a giant frog, a jelly, a worker ant, an orc wizard,
4thArraOfDagon's ghost and 4 orcs.

Vanquished Creatures
  The ghost of North the Cudgeler, a novice GrFi (D:5)
  Sigmund (D:6)
  2 phantoms
  An orc warrior (D:6)
  2 ice beasts
  A giant frog (D:7)
  A quasit (D:7)
  An orc priest (D:6)
  A giant frog skeleton (D:5)
  An adder (D:7)
  A giant gecko (D:5)
  An orc (D:6)
  3 bats
  6 giant cockroaches
  2 goblins
  2 hobgoblins (D:2)
  2 jackals (D:5)
  A kobold (D:1)
  2 rats (D:1)
32 creatures vanquished.

Notes
Turn   | Place    | Note
--------------------------------------------------------------
     0 | D:1      | 4thArraOfDagon the Minotaur Monk began the quest for the Orb.
     0 | D:1      | Reached XP level 1. HP: 19/19 MP: 0/0
   109 | D:2      | Reached XP level 2. HP: 12/27 MP: 1/1
   259 | D:3      | Learned a level 1 spell: Apportation
   280 | D:3      | Noticed a water moccasin
   317 | D:5      | Entered Level 5 of the Dungeon
   324 | D:5      | Noticed North's ghost (novice GrFi)
   373 | D:5      | Noticed a phantom
   407 | D:5      | Found a sacrificial altar of Ru.
   420 | D:5      | Noticed an ice beast
   425 | D:5      | Found a deep blue altar of Sif Muna.
   456 | D:5      | Killed an ice beast
   456 | D:5      | Reached skill level 5 in Unarmed Combat
   456 | D:5      | Reached XP level 3. HP: 34/34 MP: 2/2
   456 | D:5      | Reached XP level 4. HP: 41/41 MP: 3/3
   470 | D:5      | Killed North's ghost
   470 | D:5      | Reached skill level 5 in Fighting
   470 | D:5      | Reached skill level 5 in Dodging
   470 | D:5      | Reached skill level 6 in Unarmed Combat
   470 | D:5      | Reached XP level 5. HP: 48/48 MP: 4/4
   470 | D:5      | Reached XP level 6. HP: 56/56 MP: 5/5
   479 | D:5      | Killed a phantom
   479 | D:5      | Reached skill level 7 in Unarmed Combat
   536 | D:6      | Got a scorched ring mail
   547 | D:6      | Identified the +4 ring mail "Ovofixzu" {*Corrode rN++ Int+7} (You found it on level 6 of the Dungeon)
   570 | D:6      | Reached XP level 7. HP: 46/62 MP: 6/6
   599 | D:6      | Noticed Sigmund
   611 | D:6      | Killed Sigmund
   611 | D:6      | Reached skill level 8 in Unarmed Combat
   629 | D:6      | fuck
   665 | D:7      | Paralysed by a wasp for 2 turns
   668 | D:7      | Found Xawnut's Distillery.
   715 | D:7      | wasted
   725 | D:7      | Reached XP level 8. HP: 7/71 MP: 7/7
   731 | D:7      | Noticed 4thArraOfDagon's ghost (amateur MiMo)
   731 | D:7      | HP: 3/71 [orc wizard/puff of flame (4)]
   745 | D:7      | Quit the game

Action                   |  1- 3 |  4- 6 |  7- 9 || total
-------------------------+-------+-------+-------++-------
Melee: Unarmed           |    28 |    27 |    54 ||   109
  Use: Scroll            |     4 |       |     3 ||     7
       Potion            |     2 |     2 |       ||     4
